NCAA
INDIANA HOOSIERS @ KANSAS JAYHAWKS
05/24/2028
 
TOP OF THE 1ST
Indiana Hoosiers batting - Pitching for Kansas Jayhawks : LHP John Rich
Pitching: LHP John Rich
Batting: LHB Michael Hanson 0-0: Called Strike
0-1: Ball
1-1: Called Strike
1-2: Foul Ball, location: 2F
1-2: SINGLE (Groundball, 6MD)
Batting: RHB Phil Martin 0-0: Called Strike
Michael Hanson is caught stealing 2nd base
0-1: Fly out, F9 (Flyball, 9S)
Batting: RHB Dani Morales 0-0: Ball
1-0: Swinging Strike
1-1: Foul Ball, location: 2F
1-2: Ball
2-2: SINGLE (Flyball, 8LS)
Batting: RHB Palmer Frazier 0-0: Ball
1-0: Foul Ball, location: 2F
1-1: Swinging Strike
1-2: Strikes out looking
Top of the 1st over - 0 run(s), 2 hit(s), 0 error(s), 1 left on base; Indiana 0 - Kansas 0
BOTTOM OF THE 1ST
Kansas Jayhawks batting - Pitching for Indiana Hoosiers : RHP José Díaz
Pitching: RHP José Díaz
Batting: RHB George Gardner 0-0: Called Strike
0-1: Swinging Strike
0-2: Ball
1-2: Ball
2-2: Ball
3-2: Fly out, F8 (Flyball, 89M)
Batting: RHB Félix Chávez 0-0: Ball
1-0: Called Strike
1-1: Called Strike
1-2: Foul Ball, location: 2F
1-2: Foul Ball, location: 2F
1-2: Ball
2-2: Strikes out swinging
Batting: RHB Tim Hudson 0-0: Ball
1-0: Called Strike
1-1: Ball
2-1: Fly out, F9 (Flyball, 9LM)
Bottom of the 1st over - 0 run(s), 0 hit(s), 0 error(s), 0 left on base; Indiana 0 - Kansas 0
TOP OF THE 2ND
Indiana Hoosiers batting - Pitching for Kansas Jayhawks : LHP John Rich
Batting: RHB Norm Walker 0-0: Fly out, F9 (Flyball, 9S)
Batting: RHB Justin López 0-0: Called Strike
0-1: SINGLE (Line Drive, 89M)
Batting: RHB Frank Reed 0-0: Foul Ball, location: 2F
0-1: Ball
1-1: Ball
2-1: Fielders Choice at 2nd, 6-4 (Groundball, 56)
Batting: RHB Patrick McNight 0-0: SINGLE (Line Drive, 78S)
Frank Reed to second
Batting: RHB Chris Wilson 0-0: Ball
1-0: Foul Ball, location: 2F
1-1: Fly out, F9 (Flyball, 9S)
Top of the 2nd over - 0 run(s), 2 hit(s), 0 error(s), 2 left on base; Indiana 0 - Kansas 0
BOTTOM OF THE 2ND
Kansas Jayhawks batting - Pitching for Indiana Hoosiers : RHP José Díaz
Batting: LHB Mike Bowers 0-0: Ball
1-0: Ball
2-0: Ball
3-0: Base on Balls
Batting: RHB Peyton Ryan 0-0: Foul Ball, location: 2F
0-1: Ball
1-1: Foul Ball, location: 2F
1-2: Fly out, F9 (Flyball, 9LM)
Batting: RHB Andrew Jenkins 0-0: Ball
1-0: Foul Ball, location: 2F
1-1: Called Strike
1-2: Ball
2-2: Reached on error, E5 (Groundball, 56S)
Mike Bowers to third
Batting: LHB Tracy Bell 0-0: Ball
1-0: Ball
2-0: Ball
3-0: Base on Balls
Batting: RHB Sidney Gilbert 0-0: Called Strike
0-1: Called Strike
0-2: Ball
1-2: SINGLE (Flyball, 78S)
Mike Bowers scores
Andrew Jenkins to third
Tracy Bell to second
Runner from 3rd tries for Home, SAFE, no throw
Batting: RHB Mike Hill 0-0: Ball
1-0: Foul Ball, location: 2F
1-1: SINGLE (Flyball, 8RS)
Tracy Bell to third
Sidney Gilbert to second
Runner from 3rd tries for Home, SAFE, throw made home
Batting: RHB George Gardner 0-0: Swinging Strike
0-1: Ball
1-1: DOUBLE (Flyball, 8LD)
Sidney Gilbert scores
Mike Hill to third
Runner from 3rd tries for Home, SAFE, no throw
Batting: RHB Félix Chávez 0-0: Ball
1-0: Ball
2-0: Ball
3-0: Called Strike
3-1: Foul Ball, location: 2F
3-2: Base on Balls
Batting: RHB Tim Hudson 0-0: Ball
George Gardner steals 3rd base
Félix Chávez to second
1-0: Called Strike
1-1: Foul Ball, location: 2F
1-2: SINGLE (Flyball, 9S)
George Gardner scores
Félix Chávez to third
Throwing error, E9
Félix Chávez scores
Tim Hudson to second
Pitching: RHP Evan Moore
Batting: LHB Mike Bowers 0-0: Called Strike
0-1: Ball
1-1: Called Strike
1-2: Ball
2-2: Strikes out looking
Batting: RHB Peyton Ryan 0-0: Ball
1-0: Fly out, F9 (Flyball, 9LMF)
Bottom of the 2nd over - 7 run(s), 4 hit(s), 2 error(s), 1 left on base; Indiana 0 - Kansas 7
TOP OF THE 3RD
Indiana Hoosiers batting - Pitching for Kansas Jayhawks : LHP John Rich
Batting: LHB Michael Hanson 0-0: Called Strike
0-1: Ball
1-1: Ground out 6-3 (Groundball, 56)
Batting: RHB Phil Martin 0-0: Called Strike
0-1: SINGLE (Flyball, 6MD)
Batting: RHB Dani Morales 0-0: Called Strike
0-1: Called Strike
0-2: Ball
1-2: Foul Ball, location: 2F
1-2: Foul Ball, location: 2F
1-2: Ball
2-2: Strikes out swinging
Batting: RHB Palmer Frazier 0-0: Ball
1-0: Ball
2-0: Swinging Strike
2-1: Called Strike
2-2: Strikes out swinging
Top of the 3rd over - 0 run(s), 1 hit(s), 0 error(s), 1 left on base; Indiana 0 - Kansas 7
BOTTOM OF THE 3RD
Kansas Jayhawks batting - Pitching for Indiana Hoosiers : RHP Evan Moore
Batting: RHB Andrew Jenkins 0-0: Called Strike
0-1: Fly out, F8 (Flyball, 8LM)
Batting: LHB Tracy Bell 0-0: Ball
1-0: Called Strike
1-1: Fly out, F7 (Flyball, 7)
Batting: RHB Sidney Gilbert 0-0: Fly out, F7 (Flyball, 7)
Bottom of the 3rd over - 0 run(s), 0 hit(s), 0 error(s), 0 left on base; Indiana 0 - Kansas 7
TOP OF THE 4TH
Indiana Hoosiers batting - Pitching for Kansas Jayhawks : LHP John Rich
Batting: RHB Norm Walker 0-0: Ball
1-0: SINGLE (Flyball, 8LS)
Batting: RHB Justin López 0-0: Ball
1-0: Ball
2-0: Ball
3-0: Called Strike
3-1: Base on Balls
Norm Walker to second
Batting: RHB Frank Reed 0-0: Ball
1-0: Ball
2-0: Foul Ball, location: 2F
2-1: Grounds into double play, 4-6-3 (Groundball, 4)
Norm Walker to third
Batting: RHB Patrick McNight 0-0: Ball
1-0: Called Strike
1-1: Ball
2-1: Swinging Strike
2-2: Fly out, F9 (Flyball, 89M)
Top of the 4th over - 0 run(s), 1 hit(s), 0 error(s), 1 left on base; Indiana 0 - Kansas 7
BOTTOM OF THE 4TH
Kansas Jayhawks batting - Pitching for Indiana Hoosiers : RHP Evan Moore
Batting: RHB Mike Hill 0-0: SOLO HOME RUN (Flyball, 8LXD), Distance : 402 ft
Batting: RHB George Gardner 0-0: Ball
1-0: Ball
2-0: Fly out, F6 (Popup, 6D)
Batting: RHB Félix Chávez 0-0: Foul Ball, location: 2F
0-1: Ball
1-1: Fly out, F9 (Flyball, 9)
Batting: RHB Tim Hudson 0-0: Called Strike
0-1: SOLO HOME RUN (Flyball, 8LXD), Distance : 395 ft
Batting: LHB Mike Bowers 0-0: Called Strike
0-1: Ball
1-1: Ball
2-1: Called Strike
2-2: Ball
3-2: Base on Balls
Batting: RHB Peyton Ryan 0-0: Called Strike
0-1: Fielders Choice at 2nd, 4-6 (Groundball, 4)
Bottom of the 4th over - 2 run(s), 2 hit(s), 0 error(s), 0 left on base; Indiana 0 - Kansas 9
TOP OF THE 5TH
Indiana Hoosiers batting - Pitching for Kansas Jayhawks : LHP John Rich
Batting: RHB Chris Wilson 0-0: Ball
1-0: Called Strike
1-1: Ball
2-1: Foul Ball, location: 2F
2-2: Strikes out swinging
Batting: LHB Michael Hanson 0-0: Called Strike
0-1: Ball
1-1: SINGLE (Groundball, 6S) (infield hit)
Batting: RHB Phil Martin 0-0: Ball
1-0: Ball
2-0: Ball
3-0: Swinging Strike
3-1: Base on Balls
Michael Hanson to second
Batting: RHB Dani Morales 0-0: Ball
Passed Ball!
Michael Hanson to third
Phil Martin to second
1-0: Called Strike
1-1: Ground out 6-3 (Groundball, 6)
Michael Hanson scores
Batting: RHB Palmer Frazier 0-0: Ball
1-0: Ball
2-0: Called Strike
2-1: Ball
3-1: Base on Balls
Pitching: LHP Ángel Rivera
Batting: RHB Norm Walker 0-0: Called Strike
0-1: Reached on error, E4 (Line Drive, 4)
Phil Martin to third
Palmer Frazier to second
Batting: RHB Justin López 0-0: Called Strike
0-1: Ball
1-1: SINGLE (Groundball, 56S) (infield hit)
Phil Martin scores
Palmer Frazier to third
Norm Walker to second
Batting: RHB Frank Reed 0-0: Ball
1-0: GRAND SLAM HOME RUN (Line Drive, 78XD), Distance : 367 ft
Batting: RHB Patrick McNight 0-0: Ball
1-0: Fly out, F9 (Flyball, 89M)
Top of the 5th over - 6 run(s), 3 hit(s), 1 error(s), 0 left on base; Indiana 6 - Kansas 9
BOTTOM OF THE 5TH
Kansas Jayhawks batting - Pitching for Indiana Hoosiers : RHP Evan Moore
Batting: RHB Andrew Jenkins 0-0: Ball
1-0: Ball
2-0: SINGLE (Groundball, 6MD)
Batting: LHB Tracy Bell 0-0: Foul Ball, location: 2F
0-1: Foul Ball, location: 2F
0-2: Ball
1-2: Fly out, F7 (Flyball, 7S)
Batting: RHB Sidney Gilbert 0-0: SINGLE (Line Drive, 6D)
Andrew Jenkins to second
Batting: RHB Mike Hill 0-0: Grounds into double play, 4-6-3 (Groundball, 4)
Bottom of the 5th over - 0 run(s), 2 hit(s), 0 error(s), 1 left on base; Indiana 6 - Kansas 9
TOP OF THE 6TH
Indiana Hoosiers batting - Pitching for Kansas Jayhawks : LHP Ángel Rivera
Pitching: RHP Chris Hutchins
Batting: RHB Chris Wilson 0-0: Ball
1-0: Ball
2-0: Ball
3-0: Called Strike
3-1: Base on Balls
Batting: LHB Michael Hanson 0-0: Ball
1-0: Ball
2-0: SINGLE (Groundball, 34D)
Chris Wilson to second
Batting: RHB Phil Martin 0-0: Swinging Strike
0-1: Foul Ball, location: 2F
0-2: Strikes out swinging
Batting: RHB Dani Morales 0-0: Ball
1-0: Fly out, F6 (Popup, 6D)
Batting: RHB Palmer Frazier 0-0: Ball
1-0: Swinging Strike
1-1: Foul Ball, location: 2F
1-2: Strikes out swinging
Top of the 6th over - 0 run(s), 1 hit(s), 0 error(s), 2 left on base; Indiana 6 - Kansas 9
BOTTOM OF THE 6TH
Kansas Jayhawks batting - Pitching for Indiana Hoosiers : RHP Evan Moore
Pitching: RHP Jeff Harmon
Batting: RHB George Gardner 0-0: Fly out, F9 (Flyball, 9LMF)
Batting: RHB Félix Chávez 0-0: Ball
1-0: Fly out, F3 (Line Drive, 34)
Batting: RHB Tim Hudson 0-0: Foul Ball, location: 2F
0-1: Ball
1-1: Swinging Strike
1-2: Fly out, F8 (Flyball, 89M)
Bottom of the 6th over - 0 run(s), 0 hit(s), 0 error(s), 0 left on base; Indiana 6 - Kansas 9
TOP OF THE 7TH
Indiana Hoosiers batting - Pitching for Kansas Jayhawks : RHP Chris Hutchins
Batting: RHB Norm Walker 0-0: Ball
1-0: Called Strike
1-1: Ball
2-1: Foul Ball, location: 2F
2-2: Ball
3-2: Foul Ball, location: 2F
3-2: SOLO HOME RUN (Flyball, 7LD), Distance : 312 ft
Batting: RHB Justin López 0-0: Called Strike
0-1: Fly out, F6 (Line Drive, 6)
Batting: RHB Frank Reed 0-0: Ball
1-0: Called Strike
1-1: Fly out, F9 (Flyball, 9LM)
Batting: RHB Patrick McNight 0-0: Ball
1-0: Swinging Strike
1-1: Foul Ball, location: 2F
1-2: SOLO HOME RUN (Flyball, 9D), Distance : 358 ft
Batting: RHB Chris Wilson 0-0: Swinging Strike
0-1: Ball
1-1: Ball
2-1: Ball
3-1: Called Strike
3-2: Foul Ball, location: 2F
3-2: Strikes out swinging
Top of the 7th over - 2 run(s), 2 hit(s), 0 error(s), 0 left on base; Indiana 8 - Kansas 9
BOTTOM OF THE 7TH
Kansas Jayhawks batting - Pitching for Indiana Hoosiers : RHP Jeff Harmon
Batting: LHB Mike Bowers 0-0: Ball
1-0: Ground out U3 (Groundball, 3)
Pitching: RHP Scott Doyle
Batting: RHB Peyton Ryan 0-0: Ball
1-0: Foul Ball, location: 2F
1-1: Swinging Strike
1-2: Strikes out looking
Pitching: LHP Benny Christopher
Batting: RHB Andrew Jenkins 0-0: SINGLE (Line Drive, 8LS)
Pinch Hitting: RHB José Juárez 0-0: Ball
1-0: Called Strike
1-1: Swinging Strike
1-2: Ball
2-2: Foul Ball, location: 2F
2-2: Ball
3-2: Foul Ball, location: 2F
3-2: Strikes out looking
Bottom of the 7th over - 0 run(s), 1 hit(s), 0 error(s), 1 left on base; Indiana 8 - Kansas 9
TOP OF THE 8TH
Indiana Hoosiers batting - Pitching for Kansas Jayhawks : RHP Chris Hutchins
Pitching: LHP Paul Bacon
Now at 3B: Allen Barlow
Batting: LHB Michael Hanson 0-0: Ball
1-0: Ball
2-0: Ball
3-0: Base on Balls
Pitching: RHP Artie Miller
Batting: RHB Phil Martin 0-0: Fly out, F7 (Flyball, 7)
Batting: RHB Dani Morales 0-0: Called Strike
0-1: Ball
1-1: Swinging Strike
1-2: Strikes out swinging
Batting: RHB Palmer Frazier 0-0: Foul Ball, location: 2F
0-1: Ball
1-1: Ball
2-1: Foul Ball, location: 2F
2-2: Fly out, F8 (Flyball, 8LM)
Top of the 8th over - 0 run(s), 0 hit(s), 0 error(s), 1 left on base; Indiana 8 - Kansas 9
BOTTOM OF THE 8TH
Kansas Jayhawks batting - Pitching for Indiana Hoosiers : LHP Benny Christopher
Batting: RHB Sidney Gilbert 0-0: Called Strike
0-1: Called Strike
0-2: Fly out, F6 (Line Drive, 6M)
Batting: RHB Mike Hill 0-0: Foul Ball, location: 2F
0-1: Called Strike
0-2: Ball
1-2: Ball
2-2: DOUBLE (Groundball, 5L)
Batting: RHB George Gardner 0-0: Intentional Walk
Batting: RHB Félix Chávez 0-0: Ball
1-0: Called Strike
1-1: Called Strike
1-2: Ball
2-2: Foul Ball, location: 2F
2-2: Foul Ball, location: 2F
2-2: Ball
3-2: DOUBLE (Line Drive, 89M)
Mike Hill scores
George Gardner to third
Runner from 3rd tries for Home, SAFE, no throw
Pitching: LHP Paul Holden
Batting: RHB Tim Hudson 0-0: Ball
1-0: Called Strike
1-1: Ball
2-1: Swinging Strike
2-2: Strikes out swinging
Batting: LHB Mike Bowers 0-0: Ball
1-0: Called Strike
1-1: Ball
2-1: Ball
3-1: Base on Balls
Batting: RHB Peyton Ryan 0-0: Ball
1-0: Ground out 6-3 (Groundball, 56)
Bottom of the 8th over - 2 run(s), 2 hit(s), 0 error(s), 2 left on base; Indiana 8 - Kansas 11
TOP OF THE 9TH
Indiana Hoosiers batting - Pitching for Kansas Jayhawks : RHP Artie Miller
Pitching: RHP Sean Vázquez
Batting: RHB Norm Walker 0-0: Ball
1-0: SINGLE (Groundball, 6MD)
Batting: RHB Justin López 0-0: Called Strike
0-1: Called Strike
0-2: Ball
1-2: Foul Ball, location: 2F
1-2: Ball
2-2: SINGLE (Groundball, 6) (infield hit)
Norm Walker to second
Batting: RHB Frank Reed 0-0: Called Strike
0-1: Ball
1-1: Swinging Strike
1-2: Ball
2-2: Ball
3-2: Foul Ball, location: 2F
3-2: Strikes out swinging
Pinch Hitting: RHB Luis Marquis 0-0: Ball
1-0: Ball
2-0: SINGLE (Groundball, 34D)
Norm Walker to third
Justin López to second
Runner from 3rd tries for Home, SAFE, throw made home
Batting: RHB Chris Wilson 0-0: Ball
1-0: Foul Ball, location: 2F
1-1: Fly out, F3 (Popup, 3L)
Batting: LHB Michael Hanson 0-0: Foul Ball, location: 2F
0-1: Ball
1-1: SINGLE (Line Drive, 8LS)
Justin López to third
Luis Marquis to second
Runner from 3rd tries for Home, SAFE, no throw
Batting: RHB Phil Martin 0-0: Called Strike
0-1: Foul Ball, location: 2F
0-2: Ball
1-2: Fly out, F5 (Popup, 56D)
Top of the 9th over - 2 run(s), 4 hit(s), 0 error(s), 2 left on base; Indiana 10 - Kansas 11
Tuesday, August 8th, 2017 - OOTP Baseball 17.12 Build 75